Login

Los Angeles Kings vs Vegas Golden Knights (R1)

Created - 13 April 2024 at 23:23

Goals
1 2 3 T
Los Angeles Kings 1 1 1 3
Vegas Golden Knights 1 2 1 4
Shots
1 2 3 T
Los Angeles Kings 8 7 17 32
Vegas Golden Knights 11 12 19 42

GoalsPenalties
1st period
1. Los Angeles Kings , Trevor Lewis 2 (Viktor Arvidsson 10) at 14:54 (PP)
2. Vegas Golden Knights , Michael Amadio 2 (Nicolas Roy 7, Ivan Barbashev 5) at 19:51
Brayden McNabb (VGK) for High sticking (Minor) at 14:50
Kurtis MacDermid (LAK) for Interference (Minor) at 15:43
2nd period
3. Vegas Golden Knights , Michael Amadio 3 (Ivan Barbashev 6, Alex Pietrangelo 7) at 2:05 (PP)
4. Vegas Golden Knights , Mark Stone 9 (Alex Pietrangelo 8, Jonathan Marchessault 12) at 6:30
5. Los Angeles Kings , Adrian Kempe 9 (Drew Doughty 13, Noah Hanifin 4) at 15:39 (PP)
Blake Lizotte (LAK) for Tripping (Minor) at 0:49
Pavel Dorofeyev (VGK) for Roughing (Minor) at 15:24
3rd period
6. Los Angeles Kings , Anze Kopitar 6 (Adrian Kempe 6) at 18:03 (SH)
7. Vegas Golden Knights , Alex Pietrangelo 3 (Jack Eichel 9, Logan Thompson) at 19:17 (PP)
Noah Hanifin (LAK) for Holding (Minor) at 4:38
Zach Whitecloud (VGK) for Hooking (Minor) at 10:18
Blake Lizotte (LAK) for Tripping (Minor) at 17:32
Goalie Stats
Cam Talbot (LAK), 38 saves from 42 shots - (0.905), L, 7-5-0, 59:27 minutes
Logan Thompson (VGK), 29 saves from 32 shots - (0.906), W, 10-3-1, 60:00 minutes
3 StarsOfficial
1 - Alex Pietrangelo (VGK)
2 - Michael Amadio (VGK)
3 - Adrian Kempe (LAK)
Referees : Frederick L'Ecuyer and Robert Hennessey
Linesman : Julien Fournier and Jake Davis
Game Note
No Game Note
Finance
Level 1 -- Attendance: 6000 (100.00%) -- Ticket Income $600,000
Level 2 -- Attendance: 4666 (93.32%) -- Ticket Income $279,960
Level 3 -- Attendance: 1504 (75.20%) -- Ticket Income $52,640
Level 4 -- Attendance: 2956 (73.90%) -- Ticket Income $73,900
Luxury Box -- Attendance: 970 (97.00%) -- Ticket Income $194,000
Game was played at the T-Mobile Arena.
Total Attendance: 16096 (89.42%)
Total Ticket Income: $1,200,500
Other Income: $588,245
Total Income: $1,788,745



Team Name Goals Shots Shots Attemp Shots Blocked PIM HIT PP PK FO%
Los Angeles Kings 33269118152 / 3 (67%)253%
Vegas Golden Knights 4427596182 / 4 (50%)247%

Los Angeles Kings
Player Name POS G A P +/- PIM HIT SHT SB MP PP MP PP SHT PK MP PK SHT FO% FOT GA TA
Adrian KempeRW1120047123:531:1853:5810% 332
Andreas EnglundD0000021119:200:4200:0000% 001
Anze KopitarC101-1004128:221:1803:58266% 4400
Arthur KaliyevLW000-100106:260:0000:1100% 001
Blake LizotteC0000413012:470:0000:47043% 701
Carl GrundstromRW000-100005:410:0000:0000% 000
Drew DoughtyD0110000128:281:3604:2800% 020
Kevin FialaLW000-1003021:371:1801:49050% 401
Kurtis MacDermidD000-1200214:020:0001:2100% 000
Matt RoyD0000010119:130:4202:3100% 000
Mikey AndersonD000-1010114:430:0002:3100% 000
Noah HanifinD0110214224:351:3603:0710% 010
Phillip DanaultLW0000030016:451:0001:0100% 100
Quinton ByfieldRW0000010011:250:0000:0000% 100
Trevor LewisC1010001016:291:0010:41041% 1700
Trevor MooreLW0000015011:440:0000:0000% 000
Viktor ArvidssonRW0110003117:171:0001:3300% 001
Wade AllisonRW000000000:100:0000:0000% 000
Vegas Golden Knights
Player Name POS G A P +/- PIM HIT SHT SB MP PP MP PP SHT PK MP PK SHT FO% FOT GA TA
Alec MartinezD0002020119:280:0001:3300% 002
Alex PietrangeloD1232006124:052:5431:3200% 000
Brayden McNabbD0000211218:590:0000:2700% 010
Brett HowdenC0000002011:230:2900:00014% 700
Ivan BarbashevLW0221005016:092:3220:490100% 120
Jack EichelC0110023017:413:5800:00069% 1600
Jonathan MarchessaultLW0110032017:374:0510:0000% 101
Keegan KolesarRW0000001011:230:3200:0000% 100
Mark StoneRW1010012119:343:5801:2200% 000
Michael AmadioRW2021012015:442:2910:2400% 100
Nicolas HagueD0000010215:110:0001:0400% 002
Nicolas RoyRW0111032015:412:3210:32054% 1300
Paul CotterLW0000014011:100:1900:0000% 010
Pavel DorofeyevLW0000210012:460:0000:0000% 000
Shea TheodoreD000-1005021:024:0510:0000% 020
William CarrierLW0000020016:433:0400:0700% 011
William KarlssonC000-1004018:433:5801:22043% 3700
Zach WhitecloudD0000203214:200:0000:0000% 000

Los Angeles Kings

5 vs 5 Forward
Line #Left WingCenterRight WingPHYDFOFWanted %Time %Time Play
1Kevin FialaAnze KopitarAdrian Kempe0054036%18:11
2Phillip DanaultTrevor LewisViktor Arvidsson0053029%14:44
3Trevor MooreBlake LizotteQuinton Byfield2212023%11:25
4Arthur KaliyevAnze KopitarCarl Grundstrom2301011%5:41
5 vs 5 Defense
Line #DefenseDefensePHYDFOFWanted %Time %Time Play
1Drew DoughtyNoah Hanifin2124038%19:11
2Matt RoyAndreas Englund2123032%15:49
3Mikey AndersonKurtis MacDermid2212023%11:44
4Andreas EnglundDrew Doughty221107%3:17
Power Play Forward
Line #Left WingCenterRight WingPHYDFOFWanted %Time %Time Play
1Kevin FialaAnze KopitarAdrian Kempe0056057%1:18
2Phillip DanaultTrevor LewisViktor Arvidsson0054043%1:00
Power Play Defense
Line #DefenseDefensePHYDFOFWanted %Time %Time Play
1Drew DoughtyNoah Hanifin1136070%1:36
2Matt RoyAndreas Englund1134030%0:42
Penalty Kill 4 Players Forward
Line #CenterWingPHYDFOFWanted %Time %Time Play
1Anze KopitarAdrian Kempe2306078%5:26
2Kevin FialaViktor Arvidsson2304022%1:33
Penalty Kill 4 Players Defense
Line #DefenseDefensePHYDFOFWanted %Time %Time Play
1Drew DoughtyNoah Hanifin2306064%4:28
2Matt RoyMikey Anderson2304036%2:31
Penalty Kill 3 Players
Line #WingPHYDFOFWanted %Time %Time PlayDefenseDefensePHYDFOFWanted %Time %Time Play
1Anze Kopitar140600%0:00 Drew DoughtyNoah Hanifin230600%0:00
2Adrian Kempe140400%0:00 Matt RoyAndreas Englund230400%0:00
4 vs 4 Forward
Line #CenterWingPHYDFOFWanted %Time %Time Play
1Anze KopitarAdrian Kempe122600%0:00
2Kevin FialaViktor Arvidsson122400%0:00
4 vs 4 Defense
Line #DefensePHYDFOFWanted %Time %Time Play
1Drew DoughtyNoah Hanifin122600%0:00
2Matt RoyKurtis MacDermid122400%0:00
Last Minutes Offensive
Left WingCenterRight WingDefenseDefense
Kevin FialaAnze KopitarAdrian KempeDrew DoughtyNoah Hanifin
Last Minutes Defensive
Left WingCenterRight WingDefenseDefense
Kevin FialaAnze KopitarAdrian KempeDrew DoughtyNoah Hanifin
Time
Total ForwardTotal DefenseLast Minutes OffensiveLast Minutes Defensive
60:00 60:00 0:420:00
Extra Forwards
Normal PowerPlayPenalty Kill
Trevor Moore, Arthur Kaliyev, Blake LizotteTrevor Moore, Arthur KaliyevBlake Lizotte
Extra Defensemen
Normal PowerPlayPenalty Kill
Mikey Anderson, Kurtis MacDermid, Andreas EnglundMikey Anderson, Kurtis MacDermidAndreas Englund
Penalty Shots
Anze Kopitar, Adrian Kempe, Kevin Fiala, Viktor Arvidsson, Phillip Danault
Goalie
Cam Talbot, Pheonix Copley
Custom OT Lines Forwards
Anze Kopitar, Adrian Kempe, Kevin Fiala, Viktor Arvidsson, Phillip Danault, Trevor Moore, Arthur Kaliyev, Trevor Lewis, Blake Lizotte, Quinton Byfield
Custom OT Lines Defensemen
Drew Doughty, Noah Hanifin, Matt Roy, Kurtis MacDermid, Mikey Anderson
Scratches
None

Vegas Golden Knights

5 vs 5 Forward
Line #Left WingCenterRight WingPHYDFOFWanted %Time %Time Play
1Jonathan MarchessaultJack EichelMark Stone1132828%13:46
2William CarrierWilliam KarlssonPavel Dorofeyev1222626%12:47
3Ivan BarbashevNicolas RoyMichael Amadio1222525%12:37
4Paul CotterBrett HowdenKeegan Kolesar2212122%10:51
5 vs 5 Defense
Line #DefenseDefensePHYDFOFWanted %Time %Time Play
1Alec MartinezAlex Pietrangelo2213536%18:03
2Brayden McNabbShea Theodore2213334%17:03
3Nicolas HagueZach Whitecloud2212828%14:07
4Brayden McNabbAlex Pietrangelo22142%0:48
Power Play Forward
Line #Left WingCenterRight WingPHYDFOFWanted %Time %Time Play
1Jack EichelWilliam KarlssonMark Stone0145557%3:58
2Ivan BarbashevNicolas RoyMichael Amadio0144543%3:01
Power Play Defense
Line #DefenseDefensePHYDFOFWanted %Time %Time Play
1Jonathan MarchessaultShea Theodore0055558%4:05
2William CarrierAlex Pietrangelo0144542%2:54
Penalty Kill 4 Players Forward
Line #CenterWingPHYDFOFWanted %Time %Time Play
1William KarlssonMark Stone1315677%1:46
2Nicolas RoyIvan Barbashev1314423%0:32
Penalty Kill 4 Players Defense
Line #DefenseDefensePHYDFOFWanted %Time %Time Play
1Alec MartinezAlex Pietrangelo2305634%0:47
2Nicolas HagueZach Whitecloud2304466%1:31
Penalty Kill 3 Players
Line #WingPHYDFOFWanted %Time %Time PlayDefenseDefensePHYDFOFWanted %Time %Time Play
1Jack Eichel140570%0:00 Alec MartinezZach Whitecloud230570%0:00
2Ivan Barbashev140430%0:00 Brayden McNabbAlex Pietrangelo230430%0:00
4 vs 4 Forward
Line #CenterWingPHYDFOFWanted %Time %Time Play
1Brett HowdenMichael Amadio122520%0:00
2William KarlssonIvan Barbashev122480%0:00
4 vs 4 Defense
Line #DefensePHYDFOFWanted %Time %Time Play
1Nicolas HagueZach Whitecloud131520%0:00
2Brayden McNabbShea Theodore131480%0:00
Last Minutes Offensive
Left WingCenterRight WingDefenseDefense
Jonathan MarchessaultJack EichelMark StoneAlex PietrangeloShea Theodore
Last Minutes Defensive
Left WingCenterRight WingDefenseDefense
William CarrierWilliam KarlssonMark StoneBrayden McNabbAlex Pietrangelo
Time
Total ForwardTotal DefenseLast Minutes OffensiveLast Minutes Defensive
60:00 60:00 0:000:42
Extra Forwards
Normal PowerPlayPenalty Kill
Jack Eichel, William Karlsson, Mark StoneNicolas Roy, William KarlssonMichael Amadio
Extra Defensemen
Normal PowerPlayPenalty Kill
Alex Pietrangelo, Shea Theodore, Brayden McNabbAlec Martinez, Nicolas HagueAlex Pietrangelo
Penalty Shots
Jack Eichel, Jonathan Marchessault, Paul Cotter, Shea Theodore, Mark Stone
Goalie
Logan Thompson, Adin Hill
Custom OT Lines Forwards
William Karlsson, Mark Stone, Jack Eichel, Jonathan Marchessault, Nicolas Roy, Ivan Barbashev, William Carrier, Michael Amadio, Paul Cotter, Keegan Kolesar
Custom OT Lines Defensemen
Shea Theodore, Alex Pietrangelo, Brayden McNabb, Nicolas Hague, Zach Whitecloud
Scratches
Brayden Pachal (Healthy), Chandler Stephenson (Broken Bone (Left Foot) Injury)


Play-by-Play

1st period


0:01 of 1st period - Anze Kopitar wins face-off versus Jack Eichel in neutral zone.
0:04 of 1st period - Snap shot by Kevin Fiala.
0:04 of 1st period - Deflect By Adrian Kempe.
0:04 of 1st period - Shot Misses the Net.
0:04 of 1st period - Puck is out of play.
0:05 of 1st period - Jack Eichel wins face-off versus Anze Kopitar in Vegas Golden Knights zone.
0:38 of 1st period - Anze Kopitar is hit by Jonathan Marchessault and loses puck.
0:47 of 1st period - Snap shot by Kevin Fiala.
0:47 of 1st period - Shot Misses the Net.
1:07 of 1st period - Wrist shot by Kevin Fiala.
1:07 of 1st period - Shot Misses the Net.
1:09 of 1st period - Wrist shot by Anze Kopitar.
1:09 of 1st period - Shot Misses the Net.
1:25 of 1st period - Slapshot by Anze Kopitar.
1:25 of 1st period - Shot Misses the Net.
1:27 of 1st period - Wrist shot by Kevin Fiala.
1:27 of 1st period - Shot Misses the Net.
1:29 of 1st period - Wrist shot by Noah Hanifin.
1:29 of 1st period - Stopped by Logan Thompson with a rebound.
1:31 of 1st period - Slapshot by Noah Hanifin.
1:31 of 1st period - Shot Misses the Net.
1:52 of 1st period - Off-side.
1:53 of 1st period - William Karlsson wins face-off versus Trevor Lewis in neutral zone.
2:31 of 1st period - Wrist shot by Nicolas Roy.
2:31 of 1st period - Shot Misses the Net.
2:33 of 1st period - Slapshot by Zach Whitecloud.
2:33 of 1st period - Stopped by Cam Talbot with a rebound.
2:48 of 1st period - Icing by Nicolas Hague.
2:49 of 1st period - Nicolas Roy wins face-off versus Blake Lizotte in Vegas Golden Knights zone.
2:59 of 1st period - Off-side.
3:00 of 1st period - Trevor Lewis wins face-off versus Brett Howden in neutral zone.
3:17 of 1st period - Wrist shot by Phillip Danault.
3:17 of 1st period - Shot Blocked by Brayden McNabb.
3:33 of 1st period - Snap shot by Trevor Moore.
3:33 of 1st period - Stopped by Logan Thompson without a rebound.
3:34 of 1st period - Anze Kopitar wins face-off versus William Karlsson in Vegas Golden Knights zone.
3:35 of 1st period - Snap shot by Arthur Kaliyev.
3:35 of 1st period - Stopped by Logan Thompson with a rebound.
3:37 of 1st period - Slapshot by Anze Kopitar.
3:37 of 1st period - Shot Misses the Net.
3:39 of 1st period - Wrist shot by Carl Grundstrom.
3:39 of 1st period - Shot Blocked by Zach Whitecloud.
3:41 of 1st period - Slapshot by Andreas Englund.
3:41 of 1st period - Deflect By Anze Kopitar.
3:41 of 1st period - Shot Blocked by Nicolas Hague.
3:41 of 1st period - Puck is out of play.
3:42 of 1st period - Anze Kopitar wins face-off versus Nicolas Roy in Vegas Golden Knights zone.
3:47 of 1st period - Snap shot by Anze Kopitar.
3:47 of 1st period - Deflect By Arthur Kaliyev.
3:47 of 1st period - Shot Misses the Net.
3:47 of 1st period - Puck is out of play.
3:48 of 1st period - Nicolas Roy wins face-off versus Trevor Lewis in Vegas Golden Knights zone.
4:19 of 1st period - Snap shot by Anze Kopitar.
4:19 of 1st period - Deflect By Arthur Kaliyev.
4:19 of 1st period - Shot Misses the Net.
4:19 of 1st period - Puck is out of play.
4:20 of 1st period - Anze Kopitar wins face-off versus William Karlsson in Vegas Golden Knights zone.
4:38 of 1st period - Off-side.
4:39 of 1st period - Blake Lizotte wins face-off versus Brett Howden in neutral zone.
4:50 of 1st period - Andreas Englund is hit by Brayden McNabb and loses puck.
5:09 of 1st period - Wrist shot by Phillip Danault.
5:09 of 1st period - Shot Blocked by Brayden McNabb.
5:29 of 1st period - Slapshot by Anze Kopitar.
5:29 of 1st period - Shot Blocked by Nicolas Hague.
6:10 of 1st period - Wrist shot by Blake Lizotte.
6:10 of 1st period - Stopped by Logan Thompson with a rebound.
6:12 of 1st period - Snap shot by Blake Lizotte.
6:12 of 1st period - Shot Misses the Net.
7:20 of 1st period - Snap shot by William Karlsson.
7:20 of 1st period - Stopped by Cam Talbot with a rebound.
7:22 of 1st period - Slapshot by Brayden McNabb.
7:22 of 1st period - Shot Misses the Net.
7:41 of 1st period - Wrist shot by Blake Lizotte.
7:41 of 1st period - Stopped by Logan Thompson without a rebound.
7:42 of 1st period - Anze Kopitar wins face-off versus Keegan Kolesar in Vegas Golden Knights zone.
7:45 of 1st period - Wrist shot by Anze Kopitar.
7:45 of 1st period - Shot Misses the Net.
8:41 of 1st period - Snap shot by Viktor Arvidsson.
8:41 of 1st period - Shot Misses the Net.
8:43 of 1st period - Wrist shot by Phillip Danault.
8:43 of 1st period - Deflect By Viktor Arvidsson.
8:43 of 1st period - Stopped by Logan Thompson without a rebound.
8:44 of 1st period - Jack Eichel wins face-off versus Anze Kopitar in Vegas Golden Knights zone.
8:53 of 1st period - Backhand shot by Mark Stone.
8:53 of 1st period - Stopped by Cam Talbot with a rebound.
8:55 of 1st period - Slapshot by Jack Eichel.
8:55 of 1st period - Shot Misses the Net.
8:57 of 1st period - Wrist shot by Jack Eichel.
8:57 of 1st period - Shot Blocked by Adrian Kempe.
9:01 of 1st period - Snap shot by Jonathan Marchessault.
9:01 of 1st period - Shot Blocked by Kurtis MacDermid.
9:23 of 1st period - Wrist shot by Trevor Moore.
9:23 of 1st period - Shot Misses the Net.
9:37 of 1st period - Snap shot by Paul Cotter.
9:37 of 1st period - Shot Blocked by Noah Hanifin.
10:00 of 1st period - Slapshot by Paul Cotter.
10:00 of 1st period - Shot Misses the Net.
10:23 of 1st period - Snap shot by Paul Cotter.
10:23 of 1st period - Shot Misses the Net.
10:25 of 1st period - Slapshot by Zach Whitecloud.
10:25 of 1st period - Deflect By Anze Kopitar.
10:25 of 1st period - Stopped by Cam Talbot without a rebound.
10:26 of 1st period - Jack Eichel wins face-off versus Trevor Lewis in Los Angeles Kings zone.
10:33 of 1st period - Wrist shot by Jonathan Marchessault.
10:33 of 1st period - Stopped by Cam Talbot without a rebound.
10:34 of 1st period - Jack Eichel wins face-off versus Trevor Lewis in Los Angeles Kings zone.
11:05 of 1st period - Wrist shot by Phillip Danault.
11:05 of 1st period - Shot Misses the Net.
11:34 of 1st period - Trevor Lewis is hit by Jonathan Marchessault and loses puck.
11:44 of 1st period - Off-side.
11:45 of 1st period - Nicolas Roy wins face-off versus Adrian Kempe in neutral zone.
11:47 of 1st period - Off-side.
11:48 of 1st period - Anze Kopitar wins face-off versus Nicolas Roy in neutral zone.
11:52 of 1st period - Off-side.
11:53 of 1st period - Anze Kopitar wins face-off versus Michael Amadio in neutral zone.
12:03 of 1st period - Snap shot by Nicolas Roy.
12:03 of 1st period - Deflect By Anze Kopitar.
12:03 of 1st period - Stopped by Cam Talbot with a rebound.
12:35 of 1st period - Shea Theodore is hit by Adrian Kempe and loses puck.
14:07 of 1st period - Slapshot by Ivan Barbashev.
14:07 of 1st period - Stopped by Cam Talbot with a rebound.
14:37 of 1st period - Slapshot by Shea Theodore.
14:37 of 1st period - Stopped by Cam Talbot with a rebound.
14:39 of 1st period - Slapshot by Brayden McNabb.
14:39 of 1st period - Deflect By Ivan Barbashev.
14:39 of 1st period - Stopped by Cam Talbot with a rebound.
14:50 of 1st period - Minor Penalty to Brayden McNabb for High sticking.
14:51 of 1st period - Trevor Lewis wins face-off versus William Karlsson in Vegas Golden Knights zone.
14:52 of 1st period - Backhand shot by Viktor Arvidsson.
14:52 of 1st period - Shot Blocked by Alex Pietrangelo.
14:54 of 1st period - Snap shot by Trevor Lewis.
14:54 of 1st period - Goal by Trevor Lewis - Los Angeles Kings : 1 - Vegas Golden Knights : 0.
14:55 of 1st period - William Karlsson wins face-off versus Trevor Lewis in neutral zone.
14:59 of 1st period - Alex Pietrangelo is hit by Andreas Englund and loses puck.
15:19 of 1st period - Icing by Alex Pietrangelo.
15:20 of 1st period - Jack Eichel wins face-off versus Quinton Byfield in Vegas Golden Knights zone.
15:43 of 1st period - Minor Penalty to Kurtis MacDermid for Interference.
15:44 of 1st period - Blake Lizotte wins face-off versus Jack Eichel in Los Angeles Kings zone.
17:17 of 1st period - Blake Lizotte is hit by Jonathan Marchessault and loses puck.
17:43 of 1st period - Penalty to Kurtis MacDermid is over, Kurtis MacDermid is back on ice.
18:04 of 1st period - Snap shot by Blake Lizotte.
18:04 of 1st period - Stopped by Logan Thompson with a rebound.
18:45 of 1st period - Off-side.
18:46 of 1st period - Blake Lizotte wins face-off versus Brett Howden in neutral zone.
18:57 of 1st period - Keegan Kolesar is hit by Quinton Byfield and loses puck.
19:15 of 1st period - Slapshot by Alec Martinez.
19:15 of 1st period - Deflect By Jack Eichel.
19:15 of 1st period - Deflect By Viktor Arvidsson.
19:15 of 1st period - Stopped by Cam Talbot with a rebound.
19:17 of 1st period - Wrist shot by Mark Stone.
19:17 of 1st period - Shot Blocked by Matt Roy.
19:35 of 1st period - Snap shot by Adrian Kempe.
19:35 of 1st period - Shot Misses the Net.
19:51 of 1st period - Snap shot by Nicolas Roy.
19:51 of 1st period - Deflect By Michael Amadio.
19:51 of 1st period - Goal by Michael Amadio - Los Angeles Kings : 1 - Vegas Golden Knights : 1.
19:52 of 1st period - William Karlsson wins face-off versus Trevor Lewis in neutral zone.
Goals for this period are 1 for Los Angeles Kings vs 1 for Vegas Golden Knights.
Shots for this period are 8 for Los Angeles Kings vs 11 for Vegas Golden Knights.

2nd period


0:01 of 2nd period - Anze Kopitar wins face-off versus William Karlsson in neutral zone.
0:14 of 2nd period - Wrist shot by Pavel Dorofeyev.
0:14 of 2nd period - Shot Misses the Net.
0:16 of 2nd period - Backhand shot by Zach Whitecloud.
0:16 of 2nd period - Stopped by Cam Talbot with a rebound.
0:49 of 2nd period - Minor Penalty to Blake Lizotte for Tripping.
0:50 of 2nd period - Anze Kopitar wins face-off versus William Karlsson in Los Angeles Kings zone.
1:45 of 2nd period - Backhand shot by Alex Pietrangelo.
1:45 of 2nd period - Deflect By Nicolas Roy.
1:45 of 2nd period - Stopped by Cam Talbot with a rebound.
1:47 of 2nd period - Wrist shot by Ivan Barbashev.
1:47 of 2nd period - Stopped by Cam Talbot with a rebound.
2:03 of 2nd period - Snap shot by Ivan Barbashev.
2:03 of 2nd period - Shot Blocked by Anze Kopitar.
2:05 of 2nd period - Snap shot by Michael Amadio.
2:05 of 2nd period - Goal by Michael Amadio - Los Angeles Kings : 1 - Vegas Golden Knights : 2.
2:06 of 2nd period - Anze Kopitar wins face-off versus Jack Eichel in neutral zone.
2:21 of 2nd period - Snap shot by Jack Eichel.
2:21 of 2nd period - Shot Blocked by Noah Hanifin.
2:23 of 2nd period - Snap shot by Jonathan Marchessault.
2:23 of 2nd period - Deflect By Jack Eichel.
2:23 of 2nd period - Shot Misses the Net.
2:23 of 2nd period - Puck is out of play.
2:24 of 2nd period - William Karlsson wins face-off versus Trevor Lewis in Los Angeles Kings zone.
2:29 of 2nd period - Backhand shot by William Karlsson.
2:29 of 2nd period - Shot Misses the Net.
2:44 of 2nd period - Phillip Danault is hit by Alec Martinez and loses puck.
2:57 of 2nd period - Snap shot by Paul Cotter.
2:57 of 2nd period - Deflect By Brett Howden.
2:57 of 2nd period - Stopped by Cam Talbot with a rebound.
3:01 of 2nd period - Slapshot by Alex Pietrangelo.
3:01 of 2nd period - Shot Misses the Net.
3:03 of 2nd period - Snap shot by Brett Howden.
3:03 of 2nd period - Shot Misses the Net.
3:05 of 2nd period - Wrist shot by Paul Cotter.
3:05 of 2nd period - Stopped by Cam Talbot without a rebound.
3:06 of 2nd period - Jack Eichel wins face-off versus Anze Kopitar in Los Angeles Kings zone.
3:55 of 2nd period - Slapshot by Brett Howden.
3:55 of 2nd period - Stopped by Cam Talbot without a rebound.
3:56 of 2nd period - Anze Kopitar wins face-off versus Brett Howden in Los Angeles Kings zone.
3:56 of 2nd period - Anze Kopitar is hit by Paul Cotter.
4:08 of 2nd period - Slapshot by Shea Theodore.
4:08 of 2nd period - Deflect By Anze Kopitar.
4:08 of 2nd period - Stopped by Cam Talbot without a rebound.
4:09 of 2nd period - William Karlsson wins face-off versus Trevor Lewis in Los Angeles Kings zone.
4:14 of 2nd period - Slapshot by William Karlsson.
4:14 of 2nd period - Shot Misses the Net.
4:40 of 2nd period - Off-side.
4:41 of 2nd period - Jack Eichel wins face-off versus Kevin Fiala in neutral zone.
5:02 of 2nd period - Alex Pietrangelo is hit by Adrian Kempe and loses puck.
5:37 of 2nd period - Backhand shot by Kevin Fiala.
5:37 of 2nd period - Shot Misses the Net.
5:45 of 2nd period - Jack Eichel is hit by Adrian Kempe and loses puck.
6:28 of 2nd period - Slapshot by Alex Pietrangelo.
6:28 of 2nd period - Shot Blocked by Kurtis MacDermid.
6:30 of 2nd period - Slapshot by Alex Pietrangelo.
6:30 of 2nd period - Deflect By Mark Stone.
6:30 of 2nd period - Goal by Mark Stone - Los Angeles Kings : 1 - Vegas Golden Knights : 3.
6:31 of 2nd period - William Karlsson wins face-off versus Trevor Lewis in neutral zone.
7:50 of 2nd period - Andreas Englund is hit by Nicolas Hague and loses puck.
8:59 of 2nd period - Mikey Anderson is hit by Jack Eichel and loses puck.
9:48 of 2nd period - Slapshot by Paul Cotter.
9:48 of 2nd period - Shot Misses the Net.
10:59 of 2nd period - Icing by Zach Whitecloud.
11:00 of 2nd period - Jack Eichel wins face-off versus Anze Kopitar in Vegas Golden Knights zone.
11:09 of 2nd period - Snap shot by Anze Kopitar.
11:09 of 2nd period - Shot Misses the Net.
11:17 of 2nd period - Snap shot by Jack Eichel.
11:17 of 2nd period - Shot Blocked by Mikey Anderson.
12:07 of 2nd period - Shea Theodore is hit by Andreas Englund and loses puck.
12:22 of 2nd period - Viktor Arvidsson is hit by Jack Eichel and loses puck.
12:29 of 2nd period - Backhand shot by Mark Stone.
12:29 of 2nd period - Deflect By Viktor Arvidsson.
12:29 of 2nd period - Shot Misses the Net.
12:29 of 2nd period - Puck is out of play.
12:30 of 2nd period - Anze Kopitar wins face-off versus William Karlsson in Los Angeles Kings zone.
12:37 of 2nd period - Zach Whitecloud is hit by Matt Roy and loses puck.
12:42 of 2nd period - Wrist shot by Kevin Fiala.
12:42 of 2nd period - Shot Misses the Net.
12:44 of 2nd period - Slapshot by Adrian Kempe.
12:44 of 2nd period - Deflect By Kevin Fiala.
12:44 of 2nd period - Shot Misses the Net.
12:44 of 2nd period - Puck is out of play.
12:45 of 2nd period - Ivan Barbashev wins face-off versus Blake Lizotte in Vegas Golden Knights zone.
12:55 of 2nd period - Off-side.
12:56 of 2nd period - Anze Kopitar wins face-off versus William Karlsson in neutral zone.
14:50 of 2nd period - Wrist shot by Viktor Arvidsson.
14:50 of 2nd period - Deflect By Kevin Fiala.
14:50 of 2nd period - Shot Blocked by Zach Whitecloud.
14:50 of 2nd period - Puck is out of play.
14:51 of 2nd period - Nicolas Roy wins face-off versus Anze Kopitar in Vegas Golden Knights zone.
15:24 of 2nd period - Minor Penalty to Pavel Dorofeyev for Roughing.
15:25 of 2nd period - Anze Kopitar wins face-off versus William Karlsson in Vegas Golden Knights zone.
15:31 of 2nd period - Snap shot by Adrian Kempe.
15:31 of 2nd period - Stopped by Logan Thompson with a rebound.
15:33 of 2nd period - Wrist shot by Adrian Kempe.
15:33 of 2nd period - Stopped by Logan Thompson with a rebound.
15:35 of 2nd period - Backhand shot by Noah Hanifin.
15:35 of 2nd period - Deflect By Adrian Kempe.
15:35 of 2nd period - Stopped by Logan Thompson with a rebound.
15:37 of 2nd period - Slapshot by Drew Doughty.
15:37 of 2nd period - Shot Misses the Net.
15:39 of 2nd period - Snap shot by Adrian Kempe.
15:39 of 2nd period - Goal by Adrian Kempe - Los Angeles Kings : 2 - Vegas Golden Knights : 3.
15:40 of 2nd period - William Karlsson wins face-off versus Anze Kopitar in neutral zone.
16:16 of 2nd period - Wrist shot by Viktor Arvidsson.
16:16 of 2nd period - Shot Misses the Net.
16:18 of 2nd period - Wrist shot by Noah Hanifin.
16:18 of 2nd period - Stopped by Logan Thompson without a rebound.
16:19 of 2nd period - Trevor Lewis wins face-off versus Nicolas Roy in Vegas Golden Knights zone.
16:20 of 2nd period - Wrist shot by Phillip Danault.
16:20 of 2nd period - Shot Misses the Net.
16:36 of 2nd period - Wrist shot by Ivan Barbashev.
16:36 of 2nd period - Stopped by Cam Talbot without a rebound.
16:37 of 2nd period - Anze Kopitar wins face-off versus Jonathan Marchessault in Los Angeles Kings zone.
17:35 of 2nd period - Wrist shot by William Karlsson.
17:35 of 2nd period - Stopped by Cam Talbot without a rebound.
17:36 of 2nd period - Nicolas Roy wins face-off versus Anze Kopitar in Los Angeles Kings zone.
18:02 of 2nd period - Zach Whitecloud is hit by Phillip Danault and loses puck.
18:13 of 2nd period - Wrist shot by Viktor Arvidsson.
18:13 of 2nd period - Stopped by Logan Thompson without a rebound.
18:14 of 2nd period - William Karlsson wins face-off versus Blake Lizotte in Vegas Golden Knights zone.
18:38 of 2nd period - Icing by Trevor Moore.
18:39 of 2nd period - Nicolas Roy wins face-off versus Blake Lizotte in Los Angeles Kings zone.
18:56 of 2nd period - Slapshot by Trevor Moore.
18:56 of 2nd period - Stopped by Logan Thompson without a rebound.
18:57 of 2nd period - Brett Howden wins face-off versus Adrian Kempe in Vegas Golden Knights zone.
19:24 of 2nd period - Viktor Arvidsson is hit by Nicolas Roy and loses puck.
19:35 of 2nd period - Slapshot by Alex Pietrangelo.
19:35 of 2nd period - Stopped by Cam Talbot with a rebound.
19:47 of 2nd period - Alec Martinez is hit by Blake Lizotte and loses puck.
19:58 of 2nd period - Andreas Englund is hit by Pavel Dorofeyev and loses puck.
Goals for this period are 1 for Los Angeles Kings vs 2 for Vegas Golden Knights.
Shots for this period are 7 for Los Angeles Kings vs 12 for Vegas Golden Knights.

3rd period


0:01 of 3rd period - Jack Eichel wins face-off versus Anze Kopitar in neutral zone.
0:12 of 3rd period - Adrian Kempe is hit by Mark Stone and loses puck.
0:40 of 3rd period - Snap shot by Phillip Danault.
0:40 of 3rd period - Shot Misses the Net.
1:00 of 3rd period - Wrist shot by Trevor Moore.
1:00 of 3rd period - Stopped by Logan Thompson with a rebound.
1:15 of 3rd period - Zach Whitecloud is hit by Mikey Anderson and loses puck.
1:38 of 3rd period - Wrist shot by Viktor Arvidsson.
1:38 of 3rd period - Shot Misses the Net.
2:19 of 3rd period - Snap shot by Kevin Fiala.
2:19 of 3rd period - Stopped by Logan Thompson with a rebound.
2:21 of 3rd period - Snap shot by Anze Kopitar.
2:21 of 3rd period - Stopped by Logan Thompson without a rebound.
2:22 of 3rd period - Anze Kopitar wins face-off versus Brett Howden in Vegas Golden Knights zone.
3:01 of 3rd period - Wrist shot by Paul Cotter.
3:01 of 3rd period - Stopped by Cam Talbot without a rebound.
3:02 of 3rd period - Jack Eichel wins face-off versus Trevor Lewis in Los Angeles Kings zone.
3:09 of 3rd period - Snap shot by Mark Stone.
3:09 of 3rd period - Shot Blocked by Drew Doughty.
3:11 of 3rd period - Slapshot by Shea Theodore.
3:11 of 3rd period - Stopped by Cam Talbot without a rebound.
3:12 of 3rd period - Trevor Lewis wins face-off versus Jack Eichel in Los Angeles Kings zone.
3:35 of 3rd period - Snap shot by Mark Stone.
3:35 of 3rd period - Shot Misses the Net.
3:37 of 3rd period - Slapshot by Brayden McNabb.
3:37 of 3rd period - Stopped by Cam Talbot without a rebound.
3:38 of 3rd period - Anze Kopitar wins face-off versus William Karlsson in Los Angeles Kings zone.
3:38 of 3rd period - Anze Kopitar is hit by William Carrier.
4:11 of 3rd period - Wrist shot by Trevor Moore.
4:11 of 3rd period - Stopped by Logan Thompson with a rebound.
4:13 of 3rd period - Wrist shot by Quinton Byfield.
4:13 of 3rd period - Shot Blocked by Alec Martinez.
4:15 of 3rd period - Slapshot by Andreas Englund.
4:15 of 3rd period - Stopped by Logan Thompson without a rebound.
4:16 of 3rd period - Jack Eichel wins face-off versus Phillip Danault in Vegas Golden Knights zone.
4:16 of 3rd period - Jack Eichel is hit by Noah Hanifin.
4:22 of 3rd period - Wrist shot by Jonathan Marchessault.
4:22 of 3rd period - Shot Misses the Net.
4:24 of 3rd period - Wrist shot by Jack Eichel.
4:24 of 3rd period - Stopped by Cam Talbot with a rebound.
4:28 of 3rd period - Snap shot by Jack Eichel.
4:28 of 3rd period - Shot Misses the Net.
4:30 of 3rd period - Slapshot by Shea Theodore.
4:30 of 3rd period - Stopped by Cam Talbot without a rebound.
4:31 of 3rd period - William Karlsson wins face-off versus Anze Kopitar in Los Angeles Kings zone.
4:32 of 3rd period - Slapshot by Alex Pietrangelo.
4:32 of 3rd period - Stopped by Cam Talbot with a rebound.
4:34 of 3rd period - Slapshot by Alex Pietrangelo.
4:34 of 3rd period - Shot Misses the Net.
4:36 of 3rd period - Snap shot by William Karlsson.
4:36 of 3rd period - Stopped by Cam Talbot with a rebound.
4:38 of 3rd period - Minor Penalty to Noah Hanifin for Holding.
4:39 of 3rd period - Anze Kopitar wins face-off versus William Karlsson in Los Angeles Kings zone.
4:52 of 3rd period - Wrist shot by Anze Kopitar.
4:52 of 3rd period - Stopped by Logan Thompson without a rebound.
4:53 of 3rd period - William Karlsson wins face-off versus Anze Kopitar in Vegas Golden Knights zone.
5:26 of 3rd period - Wrist shot by Ivan Barbashev.
5:26 of 3rd period - Stopped by Cam Talbot with a rebound.
5:32 of 3rd period - Slapshot by Jonathan Marchessault.
5:32 of 3rd period - Deflect By Ivan Barbashev.
5:32 of 3rd period - Shot Misses the Net.
5:32 of 3rd period - Puck is out of play.
5:33 of 3rd period - Anze Kopitar wins face-off versus William Karlsson in Los Angeles Kings zone.
6:08 of 3rd period - Slapshot by Alex Pietrangelo.
6:08 of 3rd period - Stopped by Cam Talbot with a rebound.
6:10 of 3rd period - Slapshot by Alex Pietrangelo.
6:10 of 3rd period - Deflect By Nicolas Roy.
6:10 of 3rd period - Shot Misses the Net.
6:10 of 3rd period - Puck is out of play.
6:11 of 3rd period - Kevin Fiala wins face-off versus Nicolas Roy in Los Angeles Kings zone.
6:30 of 3rd period - Snap shot by Jack Eichel.
6:30 of 3rd period - Shot Misses the Net.
6:32 of 3rd period - Slapshot by Shea Theodore.
6:32 of 3rd period - Stopped by Cam Talbot without a rebound.
6:33 of 3rd period - Kevin Fiala wins face-off versus William Karlsson in Los Angeles Kings zone.
6:38 of 3rd period - Penalty to Noah Hanifin is over, Noah Hanifin is back on ice.
6:44 of 3rd period - Wrist shot by Jack Eichel.
6:44 of 3rd period - Stopped by Cam Talbot without a rebound.
6:45 of 3rd period - Trevor Lewis wins face-off versus Nicolas Roy in Los Angeles Kings zone.
7:00 of 3rd period - Phillip Danault is hit by Alec Martinez and loses puck.
7:45 of 3rd period - Wrist shot by Trevor Moore.
7:45 of 3rd period - Stopped by Logan Thompson with a rebound.
8:23 of 3rd period - Snap shot by Shea Theodore.
8:23 of 3rd period - Shot Blocked by Viktor Arvidsson.
8:25 of 3rd period - Slapshot by Shea Theodore.
8:25 of 3rd period - Shot Blocked by Andreas Englund.
8:39 of 3rd period - Wrist shot by Keegan Kolesar.
8:39 of 3rd period - Stopped by Cam Talbot without a rebound.
8:40 of 3rd period - Anze Kopitar wins face-off versus Brett Howden in Los Angeles Kings zone.
9:15 of 3rd period - Wrist shot by Paul Cotter.
9:15 of 3rd period - Stopped by Cam Talbot with a rebound.
9:17 of 3rd period - Slapshot by Paul Cotter.
9:17 of 3rd period - Stopped by Cam Talbot with a rebound.
9:23 of 3rd period - Slapshot by Brett Howden.
9:23 of 3rd period - Deflect By Keegan Kolesar.
9:23 of 3rd period - Shot Misses the Net.
9:23 of 3rd period - Puck is out of play.
9:24 of 3rd period - Anze Kopitar wins face-off versus Jack Eichel in Los Angeles Kings zone.
9:31 of 3rd period - Jack Eichel is hit by Adrian Kempe and loses puck.
9:41 of 3rd period - Icing by Kevin Fiala.
9:42 of 3rd period - Nicolas Roy wins face-off versus Anze Kopitar in Los Angeles Kings zone.
10:11 of 3rd period - Snap shot by Adrian Kempe.
10:11 of 3rd period - Stopped by Logan Thompson without a rebound.
10:12 of 3rd period - Trevor Lewis wins face-off versus William Karlsson in Vegas Golden Knights zone.
10:13 of 3rd period - Snap shot by Viktor Arvidsson.
10:13 of 3rd period - Stopped by Logan Thompson without a rebound.
10:14 of 3rd period - Trevor Lewis wins face-off versus William Karlsson in Vegas Golden Knights zone.
10:18 of 3rd period - Minor Penalty to Zach Whitecloud for Hooking.
10:19 of 3rd period - Anze Kopitar wins face-off versus William Karlsson in Vegas Golden Knights zone.
10:25 of 3rd period - Snap shot by Adrian Kempe.
10:25 of 3rd period - Stopped by Logan Thompson with a rebound.
10:45 of 3rd period - William Karlsson is hit by Phillip Danault and loses puck.
12:14 of 3rd period - Anze Kopitar is hit by William Carrier and loses puck.
12:18 of 3rd period - Penalty to Zach Whitecloud is over, Zach Whitecloud is back on ice.
12:23 of 3rd period - Wrist shot by Zach Whitecloud.
12:23 of 3rd period - Shot Misses the Net.
12:37 of 3rd period - Brayden McNabb is hit by Trevor Moore and loses puck.
13:17 of 3rd period - Zach Whitecloud is hit by Phillip Danault.
13:29 of 3rd period - Andreas Englund is hit by Nicolas Roy and loses puck.
14:26 of 3rd period - Phillip Danault is hit by Michael Amadio and loses puck.
15:42 of 3rd period - Slapshot by Alex Pietrangelo.
15:42 of 3rd period - Stopped by Cam Talbot without a rebound.
15:43 of 3rd period - Anze Kopitar wins face-off versus Nicolas Roy in Los Angeles Kings zone.
15:43 of 3rd period - Anze Kopitar is hit by Nicolas Roy.
16:16 of 3rd period - Backhand shot by Noah Hanifin.
16:16 of 3rd period - Stopped by Logan Thompson with a rebound.
16:52 of 3rd period - Snap shot by William Karlsson.
16:52 of 3rd period - Stopped by Cam Talbot without a rebound.
16:53 of 3rd period - William Karlsson wins face-off versus Kevin Fiala in Los Angeles Kings zone.
17:32 of 3rd period - Minor Penalty to Blake Lizotte for Tripping.
17:33 of 3rd period - William Karlsson wins face-off versus Anze Kopitar in Los Angeles Kings zone.
17:40 of 3rd period - Slapshot by Adrian Kempe.
17:40 of 3rd period - Shot Misses the Net.
17:42 of 3rd period - Slapshot by Noah Hanifin.
17:42 of 3rd period - Shot Misses the Net.
17:44 of 3rd period - Snap shot by Noah Hanifin.
17:44 of 3rd period - Stopped by Logan Thompson without a rebound.
17:45 of 3rd period - Anze Kopitar wins face-off versus William Karlsson in Vegas Golden Knights zone.
17:49 of 3rd period - Icing by Jonathan Marchessault.
17:50 of 3rd period - Anze Kopitar wins face-off versus William Karlsson in Vegas Golden Knights zone.
17:57 of 3rd period - Snap shot by Adrian Kempe.
17:57 of 3rd period - Stopped by Logan Thompson without a rebound.
17:58 of 3rd period - Anze Kopitar wins face-off versus William Karlsson in Vegas Golden Knights zone.
18:03 of 3rd period - Snap shot by Anze Kopitar.
18:03 of 3rd period - Goal by Anze Kopitar - Los Angeles Kings : 3 - Vegas Golden Knights : 3.
18:04 of 3rd period - William Karlsson wins face-off versus Anze Kopitar in neutral zone.
18:07 of 3rd period - Slapshot by Jonathan Marchessault.
18:07 of 3rd period - Deflect By Adrian Kempe.
18:07 of 3rd period - Stopped by Cam Talbot without a rebound.
18:08 of 3rd period - Anze Kopitar wins face-off versus William Karlsson in Los Angeles Kings zone.
18:53 of 3rd period - Off-side.
18:54 of 3rd period - Anze Kopitar wins face-off versus William Karlsson in neutral zone.
19:15 of 3rd period - Snap shot by Alex Pietrangelo.
19:15 of 3rd period - Stopped by Cam Talbot with a rebound.
19:17 of 3rd period - Wrist shot by Alex Pietrangelo.
19:17 of 3rd period - Goal by Alex Pietrangelo - Los Angeles Kings : 3 - Vegas Golden Knights : 4.
19:18 of 3rd period - William Karlsson wins face-off versus Adrian Kempe in neutral zone.
19:27 of 3rd period - Los Angeles Kings, Cam Talbot is pulled from the net.
19:35 of 3rd period - Wrist shot by Kevin Fiala.
19:35 of 3rd period - Shot Misses the Net.
19:37 of 3rd period - Snap shot by Kevin Fiala.
19:37 of 3rd period - Stopped by Logan Thompson with a rebound.
19:39 of 3rd period - Wrist shot by Anze Kopitar.
19:39 of 3rd period - Stopped by Logan Thompson without a rebound.
19:40 of 3rd period - Michael Turesson call a timeout for Los Angeles Kings.
19:40 of 3rd period - Anze Kopitar wins face-off versus William Karlsson in Vegas Golden Knights zone.
19:41 of 3rd period - Slapshot by Adrian Kempe.
19:41 of 3rd period - Shot Blocked by Mark Stone.
19:43 of 3rd period - Wrist shot by Kevin Fiala.
19:43 of 3rd period - Stopped by Logan Thompson without a rebound.
19:44 of 3rd period - William Karlsson wins face-off versus Anze Kopitar in Vegas Golden Knights zone.
19:48 of 3rd period - Off-side.
19:49 of 3rd period - William Karlsson wins face-off versus Anze Kopitar in neutral zone.
Goals for this period are 1 for Los Angeles Kings vs 1 for Vegas Golden Knights.
Shots for this period are 17 for Los Angeles Kings vs 19 for Vegas Golden Knights.